 Dungeon Crawl Stone Soup version 0.29-a0-892-g2c4c91d9db (webtiles) character file.

Game seed: 12030765516655971470

60 BritishOli the Ducker (level 3, -1/28 HPs)
             Began as a Demonspawn Gladiator on July 22, 2022.
             Slain by an orc wizard
             ... wielding a +0 dagger
              (2 damage)
             ... on level 2 of the Dungeon.
             The game lasted 00:01:13 (1715 turns).

BritishOli the Ducker (Demonspawn Gladiator)        Turns: 1715, Time: 00:01:14

Health: -1/28      AC:  3    Str: 16    XL:     3   Next: 82%
Magic:  3/3        EV: 12    Int:  9    God:
Gold:   93         SH:  0    Dex: 14    Spells: 2/2 levels left

rFire   . . .      SeeInvis .   a - +0 long sword
rCold   . . .      Faith    .   (no shield)
rNeg    . . .      Spirit   .   b - +0 leather armour
rPois   +          Reflect  .   (helmet restricted)
rElec   .          Harm     .   (no cloak)
rCorr   .          Rampage  .   (no gloves)
Will    .....                   (no boots)
Stlth   +.........              (no amulet)
HPRegen 0.09/turn               h - ring of poison resistance
MPRegen 0.08/turn               (no ring)

@: no status effects
A: antennae 1, demonic guardian 1
a: no special abilities


You were on level 2 of the Dungeon.
You visited 1 branch of the dungeon, and saw 2 of its levels.

You collected 93 gold pieces.

Inventory:

Hand Weapons
 a - a +0 long sword (weapon)
Missiles
 d - 3 throwing nets (quivered)
 e - a javelin
Armour
 b - a +0 leather armour (worn)
 c - a +0 helmet
Jewellery
 h - a ring of poison resistance (left hand)
Scrolls
 f - a scroll of noise {unknown}
 i - 3 scrolls of identify {unknown}
 k - 2 scrolls of immolation {unknown}
 l - 2 scrolls of blinking {unknown}
 m - a scroll of enchant weapon {unknown}
 n - a scroll of summoning {unknown}
Potions
 g - a potion of might {unknown}
 j - a potion of curing {unknown}
 o - a potion of ambrosia {unknown}


   Skills:
 + Level 2.6 Fighting
 + Level 3.1 Long Blades
 - Level 2.2 Throwing
 + Level 0.6 Armour
 + Level 3.2 Dodging


You had 2 spell levels left.
You didn't know any spells.
Your spell library contained the following spells:

 Spells                   Type           Power      Damage    Failure   Level
 Apportation              Tloc           0%         N/A       45%         1
 Summon Small Mammal      Summ           0%         N/A       45%         1
 Call Canine Familiar     Summ           0%         N/A       83%         3
 Summon Guardian Golem    Hex/Summ       0%         N/A       83%         3
 Alistair's Intoxication  Tmut/Pois      0%         N/A       100%        5


Dungeon Overview and Level Annotations

Branches:
Dungeon (2/15)

Altars:


Innate Abilities, Weirdness & Mutations

You have a pair of small antennae on your head.
A weak demonic guardian rushes to your aid.


Message History

Unknown command.
You barely miss something.
Your ufetubus closely misses something.
Your ufetubus misses something. Something hits your ufetubus.
Your ufetubus dies!
Your ufetubus disappears in a puff of smoke!
Unknown command.
You closely miss something.
Unknown command.
You hit the orc wizard.
The orc wizard is heavily wounded.
Something hits you.
The orc wizard hits you with a +0 dagger.
Unknown command.
You closely miss the orc wizard.
The orc wizard is heavily wounded.
You hear some strange, mumbled words.
Something tries to affect you, but you resist.
The orc wizard gestures wildly while chanting.
The orc wizard flickers and vanishes!
Something hits you but does no damage. Something hits you.
You miss something.
You hear some strange, mumbled words.
You are confused.
Something hits you.
* * * LOW HITPOINT WARNING * * *
Unknown command.
You bump into the rock wall.
Something hits you but does no damage. x2
You bump into the rock wall.
Something hits you.
* * * LOW HITPOINT WARNING * * *
Something hits you.
* * * LOW HITPOINT WARNING * * *
You miss something. Something hits you but does no damage. Something hits you.
* * * LOW HITPOINT WARNING * * *
You completely miss something. Something hits you.
* * * LOW HITPOINT WARNING * * *
Something hits you but does no damage.
You miss something.
You feel less confused. Something hits you.
You die...

##.#.### #.#......)..
#.#.# #.##########
#.#.#################.#
#.....o.o.....#.......#
##...#########.#.#######
...### #####.#.# ####
#.....#.# #.###.#.#
#.#####@# #.....{{#
#########


There were no monsters in sight!

Vanquished Creatures
  2 worms (D:2)
  An orc (D:2)
  3 endoplasms
  A giant cockroach (D:2)
  4 hobgoblins (D:1)
  4 kobolds
  3 quokkas
  A frilled lizard (D:1)
  4 rats (D:2)
23 creatures vanquished.

Vanquished Creatures (collateral kills)
  An orc priest (D:2)
1 creature vanquished.

Grand Total: 24 creatures vanquished

Notes
Turn   | Place    | Note
-------+----------+-------------------------------------------
     0 | D:1      | BritishOli the Demonspawn Gladiator began the quest for the
                  | Orb.
     0 | D:1      | Reached XP level 1. HP: 16/16 MP: 1/1
   390 | D:1      | Gained mutation: You have a pair of small antennae on your
                  | head. [demonic ancestry]
   390 | D:1      | Reached XP level 2. HP: 22/22 MP: 2/2
   405 | D:1      | Found a faded altar of an unknown god.
  1370 | D:2      | Gained mutation: A weak demonic guardian rushes to your
                  | aid. [demonic ancestry]
  1370 | D:2      | Reached XP level 3. HP: 17/28 MP: 3/3
  1714 | D:2      | HP: 1/28 [something (2)]
  1715 | D:2      | Slain by an orc wizard

Illustrated notes

Levels and vault maps discovered:
D:1:      dreamdust_arrival_sigmund_warning, layout_loops_ring,
          basic_ecumenical_altar, kennysheep_crisscross
D:2:      layout_basic, st_stairs_12

Skill      XL: |  1  2 |
---------------+-------+-----
Throwing       | 2 |  2.2
Dodging        | 3 |  3.2
Long Blades    | 3 |  3.1
Fighting       | |  2.6
Armour         | |  0.6

Action                   || total
-------------------------++-------
Melee: Long sword        ||    73
 Stab: Sleeping          ||     5
Armor: Leather armour    ||    11
Dodge: Dodged            ||    37

Table legend: (Time is in decaauts)
 A = Elapsed time spent in this place.
 B = Non-inter-level travel time spent in this place.
 C = Inter-level travel time spent in this place.
 D = Time resting spent in this place.
 E = Time spent auto-exploring this place.
 F = Levels seen in this place.
 G = Mean time per level.
                   A        B        C        D        E       F      G
               +--------+--------+--------+--------+--------+-----+--------+
         Total |   1733 |   1731 |      2 |    157 |   1346 |   2 |  866.5 |
       Dungeon |   1733 |   1731 |      2 |    157 |   1346 |   2 |  866.5 |
               +--------+--------+--------+--------+--------+-----+--------+

Top non-repeatable levels by time:
     D:2: 934 daAuts
     D:1: 798 daAuts
